 Dungeon Crawl Stone Soup version 0.21.1-1-g345015f (webtiles) character file.

13143 Lanoc the Carver (level 12, -2/96 HPs)
             Began as a Gnoll Berserker on Mar 18, 2018.
             Was a High Priest of Trog.
             Slain by an orc warrior
             ... wielding a +0 hand axe
              (13 damage)
             ... on level 12 of the Dungeon.
             The game lasted 00:37:37 (11544 turns).

Lanoc the Carver (Gnoll Berserker)                 Turns: 11544, Time: 00:37:38

Health: -2/96      AC:  6    Str: 24    XL:     12   Next: 2%
Magic:  22/22      EV: 18    Int: 16    God:    Trog [*****.]
Gold:   848        SH: 14    Dex: 24    Spells: 24/24 levels left

rFire    . . .     SeeInvis .   t - +3 falchion (flame)
rCold    . . .     Gourm    .   J - +2 shield
rNeg     . . .     Faith    .   D - +1 robe of Purpose {+Fly MR- rCorr} (curse)
rPois    +         Spirit   .   T - +0 hat
rElec    .         Reflect  .   C - +0 cloak
rCorr    +         Harm     .   (no gloves)
MR       .....                  R - +0 pair of boots
Stlth    ++++......             (no amulet)
HPRegen  0.26/turn              k - ring of wizardry
MPRegen  0.18/turn              W - ring "Tecuk" {rPois Str+4 Int+7 Dex+4}

@: berserk cooldown, slowed, very slow
A: distributed training, fangs 1, strong nose
a: Berserk, Trog's Hand, Brothers in Arms, Burn Spellbooks, Renounce Religion,
Evoke Flight


You were on level 12 of the Dungeon.
You worshipped Trog.
Trog was extremely pleased with you.
You were not hungry.

You visited 2 branches of the dungeon, and saw 13 of its levels.
You also visited: Ossuary.

You collected 848 gold pieces.

Inventory:

Hand Weapons
 r - a +0 falchion of holy wrath
 t - a +3 falchion of flaming (weapon)
 v - a +4 triple crossbow of flaming
 z - a +0 whip of holy wrath
 B - a +3 quarterstaff of chaos
 H - a +0 great sword
 I - a +0 scimitar
 O - a +2 quarterstaff of protection
 Y - a +0 lajatang
Missiles
 g - 123 bolts
 o - 5 javelins of returning (quivered)
 y - 91 arrows
 P - 7 steel javelins
 Q - 5 tomahawks of returning
Armour
 b - a +0 animal skin
 w - a +1 ring mail of cold resistance
 C - a +0 cloak (worn)
 D - the cursed +1 robe of Purpose (worn) {+Fly MR- rCorr}
   (You found it on level 9 of the Dungeon)

   It affects your resistance to hostile enchantments.
   It lets you fly.
   It protects you from acid and corrosion.
   It has a curse placed upon it.
 J - a +2 shield (worn)
 R - a +0 pair of boots (worn)
 T - a +0 hat (worn)
Magical Staves
 M - an uncursed staff of poison
Jewellery
 k - a ring of wizardry (left hand)
 K - an uncursed ring of ice
 W - the ring "Tecuk" (right hand) {rPois Str+4 Int+7 Dex+4}
   (You found it on level 10 of the Dungeon)

   [ring of poison resistance]

   It affects your strength (+4).
   It affects your intelligence (+7).
   It affects your dexterity (+4).
   It protects you from poison.
Wands
 e - a wand of paralysis (16)
 s - a wand of disintegration (13)
 N - a wand of enslavement (15)
 S - a wand of random effects (29)
 V - a wand of acid (7)
 X - a wand of flame (35)
Scrolls
 a - 2 scrolls of enchant weapon
 d - a scroll of fog
 h - 6 scrolls of teleportation
 j - 4 scrolls of remove curse
 l - a scroll of amnesia
 n - 2 scrolls of magic mapping
 x - a scroll of enchant armour {unknown}
 A - 2 scrolls of fear
 G - a scroll of acquirement {unknown}
 U - a scroll of torment {unknown}
 Z - a scroll of identify
Potions
 f - 3 potions of lignification
 i - 2 potions of resistance
 m - 6 potions of ambrosia
 p - 5 potions of brilliance
 q - 7 potions of curing
 u - a potion of magic
 E - 4 potions of cancellation
 F - a potion of mutation {unknown}
 L - a potion of agility {unknown}
Comestibles
 c - 30 rations


   Skills:
 + Level 9.4 Fighting
 + Level 6.7 Short Blades
 + Level 9.4 Long Blades
 + Level 6.7 Axes
 + Level 6.7 Maces & Flails
 + Level 6.7 Polearms
 + Level 6.7 Staves
 + Level 6.7 Slings
 + Level 6.7 Bows
 + Level 6.7 Crossbows
 + Level 6.7 Throwing
 + Level 8.2 Armour
 + Level 8.2 Dodging
 + Level 6.7 Stealth
 + Level 6.7 Shields
 + Level 6.7 Unarmed Combat
 + Level 6.7 Spellcasting
 + Level 5.6 Conjurations
 + Level 5.6 Hexes
 + Level 5.6 Charms
 + Level 5.6 Summonings
 + Level 5.6 Necromancy
 + Level 5.6 Translocations
 + Level 5.6 Transmutations
 + Level 5.6 Fire Magic
 + Level 5.6 Ice Magic
 + Level 5.6 Air Magic
 + Level 5.6 Earth Magic
 + Level 5.6 Poison Magic
 + Level 7.4 Invocations
 + Level 6.7 Evocations


You had 24 spell levels left.
You didn't know any spells.

Dungeon Overview and Level Annotations

Branches:
Dungeon (12/15)            Temple (1/1) D:6            Lair (0/6) D:10
    Orc (0/2) D:9

Altars:
Dithmenos
Hepliaklqana
Makhleb
Ru
Xom

Shops:
D:5 }[%   D:9 :

Portals:
Trove: D:11 (show abyssal rune of Zot)


Innate Abilities, Weirdness & Mutations

Your experience applies equally to all skills.
You have very sharp teeth.
Your uncanny sense of smell can sniff out nearby items.


Message History

The orc warrior barely misses you.
You riposte.
You closely miss the orc warrior.
The orc warrior is almost dead.
The scorpion completely misses you.
You riposte.
You hit the scorpion. You burn the scorpion.
The scorpion is moderately wounded.
Your shield prevents you from hitting the orc warrior.
The orc warrior is almost dead.
You block the scorpion's attack. You block the orc warrior's attack.
You hit the orc warrior but do no damage.
The orc warrior is almost dead.
The scorpion barely misses you.
The orc warrior hits you with a hand axe!
* * * LOW HITPOINT WARNING * * *
Your shield prevents you from hitting the orc warrior.
You bite the orc warrior, but do no damage.
The orc warrior is almost dead.
You block the scorpion's attack.
The orc warrior hits you with a hand axe!
You die...

### ..# ######### ..#
#.....?.# .>#
######.......#
..#########...)).s.....#
................@o.......
#########....#######....#
............## ....
...#####...## ... ...#
#..## #. ...# ##.# ...#
#.# ..(# #.# ...# #.#


You could see an orc warrior and a scorpion.

Vanquished Creatures
  4 two-headed ogres
  The ghost of vatarom the Arsonist, a journeyman DEFE of Vehumet (D:10)
  The ghost of Anonimus the Carver, a novice DsGl of Qazlal (D:7)
  A manticore (D:11)
  A gargoyle (D:11)
  2 hippogriffs
  A wraith (D:7)
  The ghost of Lanoc the Slasher, an amateur DrBe of Trog (D:4)
  3 yaks (D:11)
  A wyvern (D:9)
  A hungry ghost (D:6)
  A steam dragon (D:9)
  2 water moccasins
  3 porcupines (D:10)
  3 orc warriors
  A swamp drake (D:9)
  A sky beast (D:8)
  An eye of draining (D:10)
  An ice beast (D:5)
  4 phantoms
  4 black bears
  A necrophage (D:11)
  7 ogres
  2 centaurs
  A crocodile (D:10)
  A big kobold (D:10)
  8 bullfrogs
  A wyvern zombie (D:9)
  6 jellies
  A wyvern skeleton (D:11)
  4 scorpions
  16 killer bees
  4 wights
  7 howler monkeys
  5 crimson imps
  4 centaur zombies
  3 hounds
  A quasit (D:8)
  Crazy Yiuf (D:5)
  6 orc priests
  A centaur skeleton (D:8)
  A bullfrog skeleton (D:4)
  3 iguanas
  Natasha (thrice) (D:2)
  7 orc wizards
  13 worker ants
  2 hound zombies
  A hound skeleton (D:4)
  8 mummies (Ossuary)
  A worker ant zombie (D:5)
  12 gnolls
  17 adders
  3 shadow imps
  An ooze (D:2)
  An adder zombie (D:10)
  2 dart slugs (D:2)
  2 worms
  5 leopard geckos
  58 orcs
  9 bats
  7 giant cockroaches
  2 gnoll zombies (Ossuary)
  2 goblins
  7 hobgoblins
  7 jackals (D:7)
  3 kobolds
  5 quokkas
  8 frilled lizards
  A hobgoblin zombie (Ossuary)
  A jackal zombie (D:5)
  3 kobold zombies (Ossuary)
  2 orc zombies (Ossuary)
  A quokka skeleton (D:5)
  A quokka zombie (D:7)
  5 rats
322 creatures vanquished.

Vanquished Creatures (others)
  An orc priest (D:9)
  9 fungi (D:10)
  A plant (D:10)
11 creatures vanquished.

Grand Total: 333 creatures vanquished

Notes
Turn   | Place    | Note
-------+----------+-------------------------------------------
     0 | D:1      | Lanoc the Gnoll Berserker began the quest for the Orb.
     0 | D:1      | Reached XP level 1. HP: 23/23 MP: 1/1
   189 | D:1      | Reached XP level 2. HP: 27/29 MP: 2/2
   715 | D:2      | Reached XP level 3. HP: 25/35 MP: 3/3
   827 | D:2      | Reached ** piety under Trog
   827 | D:2      | Reached skill level 1 in Invocations
   831 | D:2      | Reached skill level 1 in Short Blades
   831 | D:2      | Reached skill level 1 in Axes
   831 | D:2      | Reached skill level 1 in Maces & Flails
   831 | D:2      | Reached skill level 1 in Polearms
   831 | D:2      | Reached skill level 1 in Staves
   831 | D:2      | Reached skill level 1 in Slings
   831 | D:2      | Reached skill level 1 in Bows
   831 | D:2      | Reached skill level 1 in Crossbows
   831 | D:2      | Reached skill level 1 in Throwing
   831 | D:2      | Reached skill level 1 in Stealth
   831 | D:2      | Reached skill level 1 in Shields
   831 | D:2      | Reached skill level 1 in Unarmed Combat
   831 | D:2      | Reached skill level 1 in Spellcasting
   831 | D:2      | Reached skill level 1 in Evocations
   848 | D:2      | HP: 1/35 [poisoned by an adder]
   853 | D:2      | Reached XP level 4. HP: 3/41 MP: 5/5
  1142 | D:2      | Noticed Natasha
  1149 | D:2      | Killed Natasha
  1188 | D:2      | Reached skill level 1 in Conjurations
  1188 | D:2      | Reached skill level 1 in Hexes
  1188 | D:2      | Reached skill level 1 in Charms
  1188 | D:2      | Reached skill level 1 in Summonings
  1188 | D:2      | Reached skill level 1 in Necromancy
  1188 | D:2      | Reached skill level 1 in Translocations
  1188 | D:2      | Reached skill level 1 in Transmutations
  1188 | D:2      | Reached skill level 1 in Fire Magic
  1188 | D:2      | Reached skill level 1 in Ice Magic
  1188 | D:2      | Reached skill level 1 in Air Magic
  1188 | D:2      | Reached skill level 1 in Earth Magic
  1188 | D:2      | Reached skill level 1 in Poison Magic
  1402 | D:2      | Noticed Natasha
  1521 | D:2      | Killed Natasha
  1521 | D:2      | Reached XP level 5. HP: 36/47 MP: 5/7
  1534 | D:2      | Noticed Natasha
  1548 | D:2      | Killed Natasha
  1839 | D:3      | Reached XP level 6. HP: 53/53 MP: 8/8
  2184 | D:4      | Reached *** piety under Trog
  2271 | D:4      | Received a gift from Trog
  2276 | D:4      | Reached skill level 5 in Armour
  2276 | D:4      | Reached skill level 5 in Dodging
  2558 | D:4      | Reached XP level 7. HP: 48/59 MP: 10/10
  2692 | D:4      | Noticed Lanoc's ghost (amateur DrBe)
  2756 | D:4      | Killed Lanoc's ghost
  3237 | D:4      | Reached XP level 8. HP: 66/67 MP: 12/12
  3364 | D:5      | Entered Level 5 of the Dungeon
  3470 | D:5      | Found a burning altar of Makhleb.
  3596 | D:5      | Found Icevaroa's Food Emporium.
  3809 | D:5      | Found Hecw's Antique Armour Shoppe.
  3859 | D:5      | Found Toffoavo's Gadget Shop.
  3915 | D:5      | Found a runed door.
  3954 | D:5      | Noticed Crazy Yiuf
  3957 | D:5      | Killed Crazy Yiuf
  4267 | D:6      | Reached XP level 9. HP: 23/72 MP: 14/14
  4383 | D:6      | Found a sand-covered staircase.
  4391 | Ossuary  | Entered an ossuary
  4429 | Ossuary  | Reached **** piety under Trog
  4637 | D:6      | Found a shimmering altar of Xom.
  5252 | D:6      | Found a staircase to the Ecumenical Temple.
  5261 | Temple   | Entered the Ecumenical Temple
  6101 | D:7      | Reached skill level 5 in Invocations
  6102 | D:7      | Noticed Anonimus's ghost (novice DsGl)
  6137 | D:7      | Killed Anonimus's ghost
  6137 | D:7      | Reached XP level 10. HP: 45/80 MP: 15/17
  6277 | D:7      | Reached skill level 5 in Short Blades
  6277 | D:7      | Reached skill level 5 in Axes
  6277 | D:7      | Reached skill level 5 in Maces & Flails
  6277 | D:7      | Reached skill level 5 in Polearms
  6277 | D:7      | Reached skill level 5 in Staves
  6277 | D:7      | Reached skill level 5 in Slings
  6277 | D:7      | Reached skill level 5 in Bows
  6277 | D:7      | Reached skill level 5 in Crossbows
  6277 | D:7      | Reached skill level 5 in Throwing
  6277 | D:7      | Reached skill level 5 in Stealth
  6277 | D:7      | Reached skill level 5 in Shields
  6277 | D:7      | Reached skill level 5 in Unarmed Combat
  6277 | D:7      | Reached skill level 5 in Spellcasting
  6277 | D:7      | Reached skill level 5 in Evocations
  6357 | D:7      | Reached ***** piety under Trog
  6357 | D:7      | Received a gift from Trog
  7112 | D:8      | Noticed a two-headed ogre
  7120 | D:8      | Killed a two-headed ogre
  7161 | D:8      | Noticed a two-headed ogre
  7172 | D:8      | Killed a two-headed ogre
  7682 | D:8      | Found a sacrificial altar of Ru.
  7775 | D:9      | Received a gift from Trog
  7783 | D:9      | Reached XP level 11. HP: 37/87 MP: 19/19
  8086 | D:9      | Got a smoking robe
  8097 | D:9      | Identified the cursed +1 robe of Purpose {+Fly MR- rCorr} (You found it on level 9 of the Dungeon)
  8129 | D:9      | Found Konkeu Myff's Book Emporium.
  8695 | D:9      | Found a staircase to the Orcish Mines.
  8967 | D:10     | Entered Level 10 of the Dungeon
  9158 | D:10     | Noticed vatarom's ghost (journeyman DEFE)
  9158 | D:10     | Reached skill level 5 in Conjurations
  9158 | D:10     | Reached skill level 5 in Hexes
  9158 | D:10     | Reached skill level 5 in Charms
  9158 | D:10     | Reached skill level 5 in Summonings
  9158 | D:10     | Reached skill level 5 in Necromancy
  9158 | D:10     | Reached skill level 5 in Translocations
  9158 | D:10     | Reached skill level 5 in Transmutations
  9158 | D:10     | Reached skill level 5 in Fire Magic
  9158 | D:10     | Reached skill level 5 in Ice Magic
  9158 | D:10     | Reached skill level 5 in Air Magic
  9158 | D:10     | Reached skill level 5 in Earth Magic
  9158 | D:10     | Reached skill level 5 in Poison Magic
  9171 | D:10     | Killed vatarom's ghost
  9199 | D:10     | Found a staircase to the Lair.
  9202 | D:10     | Noticed a two-headed ogre
  9423 | D:10     | Killed a two-headed ogre
  9620 | D:10     | Got a transparent bone ring
  9621 | D:10     | Identified the ring "Tecuk" {rPois Str+4 Int+7 Dex+4} (You found it on level 10 of the Dungeon)
 10184 | D:11     | Noticed a manticore
 10189 | D:11     | Killed a manticore
 10390 | D:11     | Found a portal to a secret trove of treasure.
 10419 | D:11     | Received a gift from Trog
 11514 | D:12     | Noticed a two-headed ogre
 11520 | D:12     | Killed a two-headed ogre
 11520 | D:12     | Reached XP level 12. HP: 96/96 MP: 20/22
 11544 | D:12     | Slain by an orc warrior

Skill      XL: |  1  2  3  4  5  6  7  8  9 10 11 |
---------------+----------------------------------+-----
Invocations    | 1 2 3 4 5 6 7 |  7.4
Short Blades   | 1 2 3 4 5 6 |  6.7
Axes           | 1 2 3 4 5 6 |  6.7
Maces & Flails | 1 2 3 4 5 6 |  6.7
Polearms       | 1 2 3 4 5 6 |  6.7
Staves         | 1 2 3 4 5 6 |  6.7
Slings         | 1 2 3 4 5 6 |  6.7
Bows           | 1 2 3 4 5 6 |  6.7
Crossbows      | 1 2 3 4 5 6 |  6.7
Throwing       | 1 2 3 4 5 6 |  6.7
Stealth        | 1 2 3 4 5 6 |  6.7
Shields        | 1 2 3 4 5 6 |  6.7
Unarmed Combat | 1 2 3 4 5 6 |  6.7
Spellcasting   | 1 2 3 4 5 6 |  6.7
Evocations     | 1 2 3 4 5 6 |  6.7
Conjurations   | 1 2 3 4 5 |  5.6
Hexes          | 1 2 3 4 5 |  5.6
Charms         | 1 2 3 4 5 |  5.6
Summonings     | 1 2 3 4 5 |  5.6
Necromancy     | 1 2 3 4 5 |  5.6
Translocations | 1 2 3 4 5 |  5.6
Transmutations | 1 2 3 4 5 |  5.6
Fire Magic     | 1 2 3 4 5 |  5.6
Ice Magic      | 1 2 3 4 5 |  5.6
Air Magic      | 1 2 3 4 5 |  5.6
Earth Magic    | 1 2 3 4 5 |  5.6
Poison Magic   | 1 2 3 4 5 |  5.6
Armour         | 5 6 7 8 |  8.2
Dodging        | 5 6 7 8 |  8.2
Fighting       | 7 8 9 |  9.4
Long Blades    | 7 8 9 |  9.4

Action                   |  1- 3 |  4- 6 |  7- 9 | 10-12 || total
-------------------------+-------+-------+-------+-------++-------
Melee: Falchion          |    62 |   127 |   342 |   456 ||   987
       Bite              |     6 |    20 |    73 |    94 ||   193
       Punch             |       |     2 |     7 |     9 ||    18
       Quarterstaff      |       |       |    13 |       ||    13
Throw: Javelin           |       |       |     1 |     7 ||     8
Invok: Berserk           |     1 |     4 |    13 |    12 ||    30
       Trog's Hand       |       |       |     2 |       ||     2
       Burn Spellbooks   |       |       |       |     1 ||     1
  Use: Potion            |       |       |     5 |     2 ||     7
       Scroll            |       |       |     7 |     9 ||    16
 Stab: Sleeping          |       |     6 |     5 |    22 ||    33
  Eat: Chunk             |       |    10 |    16 |    26 ||    52
       Ration            |       |       |     3 |     1 ||     4
Armor: Animal skin       |    16 |     8 |       |       ||    24
       Ring mail         |       |    11 |    72 |    67 ||   150
       Robe              |       |       |       |    36 ||    36
Dodge: Dodged            |    46 |   101 |   281 |   295 ||   723
Block: Shield            |       |       |       |   104 ||   104
       Rpst.: Falchion   |    14 |    35 |    95 |    88 ||   232
